 Dungeon Crawl Stone Soup version 0.16-a0-110-ge8ded92 (webtiles) character file.

336 Ratboiler the Poker (level 6, -1/48 HPs)
             Began as a Merfolk Gladiator on Aug 10, 2014.
             Was an Initiate of the Shining One.
             Killed from afar by Dowan (12 damage)
             ... with a stone arrow
             ... on Level 4 of the Dungeon.
             The game lasted 00:10:09 (3660 turns).

Ratboiler the Poker (Merfolk Gladiator)             Turns: 3660, Time: 00:10:09

HP  -1/48        AC 11     Str 16      XL: 6   Next: 54%
MP   6/6         EV  6     Int  7      God: the Shining One [......]
Gold 186         SH  0     Dex 16      Spells:  0 memorised,  5 levels left

rFire  . . .     SeeInvis .     a - +0 trident
rCold  . . .     Clarity  .     q - +0 chain mail
rNeg   . . .     rCorr    .     (no shield)
rPois  .         rRot     .     c - +0 helmet
rElec  .         Spirit   .     j - +0 cloak
SustAb .         Warding  .     r - +0 pair of gloves
rMut   .         Stasis   .     (no boots)
Gourm  .                        (no amulet)
MR     .....                    (no ring)
                                (no ring)

@: not resistant to hostile enchantments, extremely unstealthy
A: change form in water, swift swim
a: Renounce Religion


You were on level 4 of the Dungeon.
You worshipped the Shining One.
The Shining One was noncommittal.
You were very hungry.

You visited 1 branch of the dungeon, and saw 4 of its levels.

You collected 186 gold pieces.

Inventory:

Hand weapons
 a - a +0 trident (weapon)
Missiles
 d - 3 throwing nets (quivered)
 k - 3 tomahawks
 n - 15 arrows of dispersal
Armour
 b - a +0 leather armour
 c - a +0 helmet (worn)
 j - a +0 cloak (worn)
 q - a +0 chain mail (worn)
 r - a +0 pair of gloves (worn)
Comestibles
 f - 2 bread rations
 x - a rotting chunk of orc flesh
Scrolls
 g - a scroll of remove curse {unknown}
 i - a scroll of identify {unknown}
 m - 2 scrolls of enchant weapon {unknown}
 o - a scroll of teleportation {unknown}
 s - a scroll of blinking {unknown}
 t - 2 scrolls of immolation {unknown}
Jewellery
 p - an uncursed ring of ice {unknown}
Potions
 e - 2 potions of agility
 h - a potion of curing
 l - a potion of brilliance
 v - a potion of confusion {unknown}
 w - a potion of restore abilities {unknown}


   Skills:
 + Level 4.0 Fighting
 * Level 7.2 Polearms
 - Level 2.0 Throwing
 + Level 1.8 Armour
 + Level 5.3 Dodging


You had 5 spell levels left.
You didn't know any spells.

Dungeon Overview and Level Annotations

Branches:
Dungeon (4/15)
 Temple: D:4-7

Altars:
Qazlal
The Shining One

Annotations:
D:4 Dowan


Message History

You are too injured to fight recklessly!
Dowan closely misses you.
You closely miss Dowan.
Dowan is severely wounded.
Dowan hits you but does no damage.
You closely miss Dowan.
Dowan is severely wounded.
Dowan gestures at you while chanting. The stone arrow hits you!
* * * LOW HITPOINT WARNING * * *
Your chain mail prevents you from hitting Dowan.
Dowan is severely wounded.
Dowan hits you but does no damage.
You hit Dowan.
Dowan is severely wounded.
You closely miss Dowan.
Dowan is severely wounded.
Dowan gestures at you while chanting. The stone arrow hits you!
You die...

### #....
#.##o# #.#
.. #.# #.##
#)# $.# #@#
#.#
#e####.###
#o.......#.
#######..#.#
#..#.####.
#..#......
##.#......
#e#.......
#...####.#


You could see Dowan and an orc.

Vanquished Creatures
  Duvessa (D:4)
  A crimson imp (D:4)
  An iguana (D:3)
  Crazy Yiuf (D:4)
  A worker ant (D:4)
  4 adders
  4 worms (D:2)
  An adder skeleton (D:4)
  An ooze (D:1)
  4 orcs
  7 bats
  8 goblins
  11 hobgoblins
  9 jackals (D:2)
  A giant cockroach (D:1)
  6 giant newts
  2 goblin skeletons (D:4)
  A goblin zombie (D:4)
  2 hobgoblin zombies (D:4)
  8 kobolds
  A kobold skeleton (D:4)
  A kobold zombie (D:4)
  3 orc skeletons (D:4)
  2 quokkas
  9 rats
90 creatures vanquished.

Notes
Turn   | Place    | Note
--------------------------------------------------------------
     0 | D:1      | Ratboiler, the Merfolk Gladiator, began the quest for the Orb.
     0 | D:1      | Reached XP level 1. HP: 16/16 MP: 1/1
   267 | D:1      | Reached XP level 2. HP: 17/23 MP: 2/2
  1057 | D:2      | Reached skill level 5 in Polearms
  1062 | D:2      | Reached XP level 3. HP: 25/28 MP: 3/3
  1394 | D:2      | Reached skill level 1 in Armour
  1418 | D:2      | Reached XP level 4. HP: 19/34 MP: 4/4
  2663 | D:3      | Reached XP level 5. HP: 41/41 MP: 5/5
  2692 | D:3      | Reached skill level 6 in Polearms
  3240 | D:4      | Found a glowing golden altar of the Shining One.
  3245 | D:4      | Reached skill level 5 in Dodging
  3272 | D:4      | Became a worshipper of the Shining One
  3335 | D:4      | Found a stormy altar of Qazlal.
  3429 | D:4      | Noticed Crazy Yiuf
  3438 | D:4      | Killed Crazy Yiuf
  3438 | D:4      | Reached XP level 6. HP: 44/48 MP: 6/6
  3567 | D:4      | Noticed Duvessa
  3587 | D:4      | Killed Duvessa
  3587 | D:4      | Reached skill level 7 in Polearms
  3599 | D:4      | Noticed Dowan
  3660 | D:4      | Killed from afar by Dowan

Action                   |  1- 3 |  4- 6 || total
-------------------------+-------+-------++-------
Melee: Trident           |   105 |   247 ||   352
  Use: Potion            |       |     5 ||     5
  Eat: Chunk             |     2 |     7 ||     9
